 Dungeon Crawl Stone Soup version 0.31-a0-210-gccc998df9b (webtiles) character file.

Game seed: 18164201217580567089

399 qw the Chopper (level 6, -6/38 HPs)
             Began as a Gargoyle Fighter on June 29, 2023.
             Mangled by a two-headed ogre
             ... wielding a +0 giant spiked club
              (19 damage)
             ... on level 5 of the Dungeon.
             The game lasted 00:02:02 (3889 turns).

qw the Chopper (Gargoyle Fighter)                   Turns: 3889, Time: 00:02:03

Health: -6/38      AC: 18    Str: 27    XL:     6   Next: 84%
Magic:  15/15      EV:  7    Int: 12    God:
Gold:   87         SH:  4    Dex:  9    Spells: 5/5 levels left

rFire   . . .        o - +3 war axe "Murmur" {freeze, rCorr MP+9 Int+3}
rCold   . . .        c - +0 buckler
rNeg    + . .        a - +0 plate armour
rPois   inf          (no helmet)
rElec   +            (no cloak)
rCorr   +            (no gloves)
SInv    .            b - +1 pair of boots
Will    .....        r - amulet of regeneration Stlth
                     i - +6 ring of strength
HPRegen 1.06/turn    (no ring)
MPRegen 0.14/turn

%: no passive effects
@: no status effects
A: sickness immunity, AC +4, negative energy resistance 1, electricity
resistance, torment resistance 1, petrification resistance
a: no special abilities


You were on level 5 of the Dungeon.
You visited 1 branch of the dungeon, and saw 5 of its levels.

You collected 246 gold pieces.
You spent 159 gold pieces at shops.


Innate Abilities, Weirdness & Mutations

You are immune to sickness and miasma.
Your stone body is resilient. (AC +4)
You are immune to poison.
You resist negative energy. (rN+)
You are resistant to electric shocks. (rElec)
You are resistant to unholy torment.
You are immune to petrification.


   Skills:
 - Level 4.0 Fighting
 - Level 6.0 Axes
 - Level 3.2 Armour
 + Level 0.7 Dodging
 - Level 3.2 Shields


You had 5 spell levels left.
You didn't know any spells.
Your spell library was empty.

Inventory:

Hand Weapons
 k - a +1 war axe
 o - the +3 war axe "Murmur" (weapon) {freeze, rCorr MP+9 Int+3}
   (You found it on level 4 of the Dungeon)

   Int:       It affects your intelligence (+3).
   MP:        It affects your magic capacity (+9).
   rCorr:     It protects you from acid and corrosion.
 q - a +0 flail
Armour
 a - a +0 plate armour (worn)
 b - a +1 pair of boots (worn)
 c - a +0 buckler (worn)
Jewellery
 i - a +6 ring of strength (left hand)
 r - an amulet of regeneration (around neck)
Scrolls
 h - a scroll of teleportation
 m - a scroll of identify
 t - a scroll of enchant weapon
Potions
 d - 2 potions of might
 e - a potion of curing
 f - a potion of lignification
 g - a potion of cancellation
 j - a potion of resistance
 l - a potion of enlightenment
 n - a potion of attraction
 p - a potion of heal wounds
 s - a potion of brilliance {unknown}

Dungeon Overview and Level Annotations

Branches:
Dungeon (5/15)
 Temple: D:4-7

Altars:

Shops:
D:2 ??::   D:4 *


Message History

An adder comes into view.
The adder bites you but does no damage.
You barely miss the adder. The adder barely misses you.
You closely miss the adder. You block the adder's attack. x2
You slash the adder!
The adder seems to slow down.
You freeze the adder.
You kill the adder!
You feel your willpower return.
Things that are here:
a wand of iceblast (7); an adder corpse You now have enough gold to buy a scroll of enchant weapon on D:2.
You can access your shopping list by pressing '$'.
You now have 87 gold pieces (gained 10).
t - a scroll of enchant weapon
Enter note:
Enter note:
Enter note: A two-headed ogre comes into view.
It is wielding a +0 giant spiked club and a +0 giant club.
The two-headed ogre shouts in stereo!
You hear a shout!
Enter note:
Enter note: An orc wizard comes into view.
It is wielding a +0 dagger.
You hit the two-headed ogre. You freeze the two-headed ogre.
The two-headed ogre is lightly wounded.
The two-headed ogre hits you but does no damage.
The two-headed ogre hits you with a +0 giant club!
The orc wizard mumbles some strange words.
The orc wizard flickers and vanishes!
Deactivating autopickup; reactivate with Ctrl-A.
You hit the two-headed ogre. You freeze the two-headed ogre.
The two-headed ogre is lightly wounded.
The two-headed ogre hits you with a +0 giant spiked club!!
Ouch! That really hurt!
The two-headed ogre hits you but does no damage.
You hit the two-headed ogre. You freeze the two-headed ogre.
The two-headed ogre is lightly wounded.
The two-headed ogre hits you with a +0 giant spiked club!!
Ouch! That really hurt!
You die...

.## ......./. ..#
#.#..##.. ###.#
#........
##.#.#..........
##.#..#.......... #
#.###.#..........
#.####.#..#..........
#..O#.###.#..........
#@#.#..#......#.#.
######.#.##...#.#.
#....##...#.#.
..##....##...#.#.
.................
#.#.#.............
#.#....##.#.#.#. .
#.........#.#.
...............#.


You could see a two-headed ogre.

Vanquished Creatures
  An ogre (D:4)
  An orc priest (D:4)
  An iguana (D:4)
  An orc wizard (D:4)
  3 gnolls (D:2)
  9 adders
  2 worms (D:2)
  3 dart slugs
  4 orcs
  6 ball pythons
  13 endoplasms
  2 giant cockroaches
  6 goblins
  9 hobgoblins
  11 jackals
  5 quokkas
  9 bats
  4 frilled lizards
  7 kobolds
  8 rats
105 creatures vanquished.

Notes
Turn   | Place    | Note
-------+----------+-------------------------------------------
     0 | D:1      | qw the Gargoyle Fighter began the quest for the Orb.
     0 | D:1      | Reached XP level 1. HP: 14/14 MP: 1/1
     0 | D:1      | 0 ||| qw: Version: 0.3-a-24-ga2abf7b
     0 | D:1      | 0 ||| qw: Game counter: 6754
     0 | D:1      | 0 ||| qw: Melee chars always use a shield: true
     0 | D:1      | 0 ||| qw: God list: Okawaru
     0 | D:1      | 0 ||| qw: Allow faded altars: false
     0 | D:1      | 0 ||| qw: Do Orc after clearing Dungeon:15 true
     0 | D:1      | 0 ||| qw: Do second Lair branch before Depths: true
     0 | D:1      | 0 ||| qw: Lair rune preference: random
     0 | D:1      | 0 ||| qw: Goals: Normal, Zot:1-4, Slime:5, God:TSO, Crypt,
                  | Tomb, Abyss, Pan, Hells, Win
     0 | D:1      | 0 ||| PLANNING D:1-11
   154 | D:1      | Reached skill level 2 in Axes
   235 | D:1      | Reached XP level 2. HP: 18/19 MP: 2/2
   519 | D:1      | Reached skill level 3 in Axes
   618 | D:1      | Reached XP level 3. HP: 23/23 MP: 3/3
   874 | D:1      | 874 ||| UPGRADING to +6 ring of strength.
   875 | D:1      | 875 ||| READING scroll labelled EXZOOTA KOMNAGHEOK.
   876 | D:1      | 876 ||| READING 2 scrolls labelled POEKHL LULIASI.
   893 | D:1      | 893 ||| READING scroll labelled FAULOY EKEUTHRO.
   894 | D:1      | 894 ||| DRINKING 2 blue potions.
   895 | D:1      | 895 ||| DROPPING scroll of torment.
   949 | D:2      | 949 ||| Stepping ~*~*~tactically~*~*~ (stealth).
  1002 | D:2      | 1002 ||| Stepping ~*~*~tactically~*~*~ (hiding).
  1017 | D:2      | Found Xilodwefu's Book Emporium.
  1098 | D:2      | 1098 ||| Stepping ~*~*~tactically~*~*~ (hiding).
  1112 | D:2      | Found Elicori's Book Emporium.
  1202 | D:2      | Found Qirphisul's Magic Scroll Shop.
  1210 | D:2      | 1210 ||| SHOPLISTING scroll of enchant weapon (82 gold,
                  | have 53).
  1210 | D:2      | 1210 ||| BUYING scroll of identify (22 gold).
  1210 | D:2      | Bought a scroll of identify for 22 gold pieces
  1210 | D:2      | 1210 ||| BUYING scroll of identify (22 gold).
  1210 | D:2      | Bought a scroll of identify for 22 gold pieces
  1210 | D:2      | 1210 ||| SHOPLISTING scroll of identify (22 gold, have 9).
  1210 | D:2      | 1210 ||| SHOPLISTING scroll of teleportation (33 gold, have
                  | 9).
  1249 | D:2      | 1249 ||| Stepping ~*~*~tactically~*~*~ (stealth).
  1250 | D:2      | 1250 ||| Stepping ~*~*~tactically~*~*~ (stealth).
  1284 | D:2      | 1284 ||| DROPPING +0 club.
  1350 | D:2      | Reached XP level 4. HP: 21/28 MP: 4/4
  1452 | D:2      | 1452 ||| Stepping ~*~*~tactically~*~*~ (hiding).
  1453 | D:2      | 1453 ||| Stepping ~*~*~tactically~*~*~ (hiding).
  1462 | D:2      | Reached skill level 4 in Axes
  1469 | D:2      | 1469 ||| FLEEEEING.
  1470 | D:2      | 1470 ||| FLEEEEING.
  1471 | D:2      | 1471 ||| FLEEEEING.
  1472 | D:2      | 1472 ||| FLEEEEING.
  1473 | D:2      | 1473 ||| FLEEEEING.
  1474 | D:2      | 1474 ||| STAIRDANCE
  1490 | D:1      | 1490 ||| READING scroll labelled EPANEY OSEAKHLI.
  1491 | D:1      | 1491 ||| DRINKING 2 bubbling cyan potions.
  1492 | D:1      | 1492 ||| READING 2 scrolls of identify.
  1492 | D:1      | 1492 ||| IDENTIFYING ruby potion
  1493 | D:1      | 1493 ||| DROPPING potion of invisibility.
  1501 | D:2      | 1501 ||| Stepping ~*~*~tactically~*~*~ (stealth).
  1504 | D:2      | 1504 ||| Stepping ~*~*~tactically~*~*~ (stealth).
  1636 | D:2      | Found Nahuygof's Magic Scroll Shoppe.
  1639 | D:2      | 1639 ||| SHOPLISTING scroll of enchant weapon (90 gold,
                  | have 9).
  1639 | D:2      | 1639 ||| SHOPLISTING scroll of identify (24 gold, have 9).
  1639 | D:2      | 1639 ||| SHOPLISTING scroll of teleportation (36 gold, have
                  | 9).
  1920 | D:2      | 1920 ||| UPGRADING to +0 plate armour.
  1930 | D:2      | 1930 ||| DROPPING +0 scale mail.
  1985 | D:3      | 1985 ||| STAIRDANCE
  2065 | D:3      | 2065 ||| Stepping ~*~*~tactically~*~*~ (stealth).
  2078 | D:3      | 2078 ||| Stepping ~*~*~tactically~*~*~ (hiding).
  2293 | D:3      | 2293 ||| UPGRADING to +0 pair of boots.
  2298 | D:3      | 2298 ||| READING scroll labelled EDIAT SIASA.
  2393 | D:3      | 2393 ||| Stepping ~*~*~tactically~*~*~ (hiding).
  2442 | D:3      | 2442 ||| Stepping ~*~*~tactically~*~*~ (stealth).
  2444 | D:3      | 2444 ||| Stepping ~*~*~tactically~*~*~ (hiding).
  2569 | D:3      | Reached XP level 5. HP: 30/32 MP: 5/5
  2687 | D:3      | 2687 ||| Stepping ~*~*~tactically~*~*~ (hiding).
  2756 | D:3      | 2756 ||| Stepping ~*~*~tactically~*~*~ (stealth).
  2877 | D:3      | 2877 ||| Stepping ~*~*~tactically~*~*~ (stealth).
  2940 | D:3      | Reached skill level 5 in Axes
  3046 | D:3      | 3046 ||| READING scroll labelled LAKHU UKANGA.
  3047 | D:3      | 3047 ||| READING 3 scrolls of identify.
  3047 | D:3      | 3047 ||| IDENTIFYING red potion
  3048 | D:3      | 3048 ||| READING 2 scrolls of identify.
  3048 | D:3      | 3048 ||| IDENTIFYING white potion
  3104 | D:4      | Reached XP level 6. HP: 32/38 MP: 6/6
  3129 | D:4      | 3129 ||| DROPPING +0 whip.
  3147 | D:4      | Identified the +3 war axe "Murmur" {freeze, rCorr MP+9
                  | Int+3}
  3149 | D:4      | 3149 ||| SWAPPING to +3 war axe "Murmur" {freeze, rCorr
                  | MP+9 Int+3}.
  3450 | D:4      | Reached skill level 6 in Axes
  3709 | D:4      | Found Gatips's General Store.
  3715 | D:4      | 3715 ||| SHOPLISTING ring of ice (250 gold, have 192).
  3715 | D:4      | 3715 ||| BUYING scroll of enchant armour (75 gold).
  3715 | D:4      | Bought a scroll of enchant armour for 75 gold pieces
  3715 | D:4      | 3715 ||| BUYING scroll of identify (20 gold).
  3715 | D:4      | Bought a scroll of identify for 20 gold pieces
  3715 | D:4      | 3715 ||| BUYING scroll of identify (20 gold).
  3715 | D:4      | Bought a scroll of identify for 20 gold pieces
  3715 | D:4      | 3715 ||| READING scroll of enchant armour.
  3715 | D:4      | 3715 ||| ENCHANTING +0 pair of boots.
  3784 | D:4      | 3784 ||| UPGRADING to amulet of regeneration.
  3789 | D:4      | 3789 ||| READING scroll labelled FEPHYESYGA.
  3790 | D:4      | 3790 ||| READING scroll labelled HEALIN EHUI.
  3791 | D:4      | 3791 ||| READING 4 scrolls of identify.
  3791 | D:4      | 3791 ||| IDENTIFYING bubbling pink potion
  3792 | D:4      | 3792 ||| READING 3 scrolls of identify.
  3792 | D:4      | 3792 ||| IDENTIFYING grey potion
  3793 | D:4      | 3793 ||| READING 2 scrolls of identify.
  3793 | D:4      | 3793 ||| IDENTIFYING metallic ruby potion
  3812 | D:5      | Entered Level 5 of the Dungeon
  3885 | D:5      | Noticed a two-headed ogre
  3889 | D:5      | Mangled by a two-headed ogre

Levels and vault maps discovered:
D:1:      matt_arrival_refuge, layout_loops_ring,
          amcnicky_mini_corridor_feature, minmay_door_square
D:2:      layout_basic, serial_shops, shop, nicolae_shop_tiny_glass,
          nicolae_shop_behind_doors, nicolae_book_shop_shelving,
          serial_co_window_serial, co_window_of_opportunity_a,
          co_window_of_opportunity_a, co_window_of_opportunity_a,
          co_window_paths_a, co_window_paths_b, co_window_unsneaky_path_d,
          co_window_of_opportunity_b, co_window_unsneaky_path_b,
          co_window_unsneaky_path_a, glass_columns_a, glass_columns_b
D:3:      minmay_chambers_of_threes, layout_rooms, kennysheep_donut,
          kennysheep_doodads, minmay_stone_trees_small,
          kennysheep_generic_room_2
D:4:      layout_gridville, serial_shops, kennysheep_little_box,
          dk_noncrumbling_3
D:5:      layout_basic, amcnicky_mini_rare_corridor_liquid, minmay_small_thing

Skill      XL: |  1  2  3  4  5  6 |
---------------+-------------------+-----
Axes           | 2 3 4 5 6 |  6.0
Fighting       | 4 |  4.0
Armour         | |  3.2
Dodging        | |  0.7
Shields        | |  3.2

Action                     |  1- 3 |  4- 6 || total
---------------------------+-------+-------++-------
  Melee: War axe           |    79 |   160 ||   239
  Throw: Boomerang         |       |    41 ||    41
    Use: Scroll            |     3 |    12 ||    15
         Potion            |     1 |     1 ||     2
 Armour: Scale mail        |    31 |     7 ||    38
         Plate armour      |       |    93 ||    93
  Dodge: Dodged            |    43 |    46 ||    89
  Block: Buckler           |    16 |    23 ||    39

Table legend:
 A = Non-vault XP
 B = Vault XP
 C = Vault XP percentage of total XP
 D = Non-vault monster count
 E = Vault monster count
 F = Vault count percentage of total count
                 A         B        C        D         E       F
            +---------+---------+-------+---------+---------+-------
      Total |     536 |      34 |   6.0 |      91 |      14 |  13.3
            +---------+---------+-------+---------+---------+-------
        D:1 |      41 |       0 |   0.0 |      25 |       0 |   0.0
        D:2 |      97 |       0 |   0.0 |      21 |       0 |   0.0
        D:3 |      74 |      34 |  31.5 |      22 |      14 |  38.9
        D:4 |     310 |       0 |   0.0 |      22 |       0 |   0.0
        D:5 |      14 |       0 |   0.0 |       1 |       0 |   0.0
            +---------+---------+-------+---------+---------+-------
